 Dungeon Crawl Stone Soup version 0.28.0-1-gb440e238dd (webtiles) character file.

Game seed: 2741212489338697986

5676 DungeonDestroyer the Blocker (level 10, -10/82 HPs)
             Began as a Gnoll Fighter on Feb 19, 2022.
             Was an Initiate of Gozag.
             Killed by vampiric draining
             ... invoked by a vampire
              (16 damage)
             ... on level 9 of the Dungeon.
             The game lasted 00:19:05 (10810 turns).

DungeonDestroyer the Blocker (Gnoll Fighter)       Turns: 10810, Time: 00:19:06

Health: -10/82     AC: 12    Str: 25 (26) XL:     10   Next: 75%
Magic:  18/18      EV: 13    Int: 11      God:    Gozag
Gold:   487        SH:  6    Dex: 13      Spells: 20/20 levels left

rFire   . . .      SeeInvis .   k - +8 whip "Snakebite" {venom, curare, rPois}
rCold   . . .      Faith    .   c - +0 buckler
rNeg    . . .      Spirit   .   z - +0 steam dragon scales "Ottuts" {Rampage Str+8 Int+3 Stlth-}
rPois   +          Reflect  .   (helmet restricted)
rElec   .          Harm     .   l - +1 cloak
rCorr   .          Rampage  +   (no gloves)
Will    .....                   f - +0 pair of boots
Stlth   ++........              (no amulet)
HPRegen 0.23/turn               j - ring of flight
MPRegen 0.16/turn               (no ring)

@: flying
A: fangs 1, strong nose, distributed training, horns 1, iridescent scales 1,
deterioration 1, poison resistance
a: Renounce Religion, Potion Petition, Call Merchant, Bribe Branch


You were on level 9 of the Dungeon.
You worshipped Gozag.
Gozag was aware of your devotion.
You visited 2 branches of the dungeon, and saw 10 of its levels.
You also visited: Ossuary.

You collected 1392 gold pieces.
You spent 905 gold pieces at shops.

Inventory:

Hand Weapons
 a - a +0 war axe
 k - the +8 whip "Snakebite" (weapon) {venom, curare, rPois}
   (You found it on level 7 of the Dungeon)

   It poisons the flesh of those it strikes.
   It occasionally inflicts asphyxiating poison on those it strikes, dealing
   poison damage and causing slowness.
   rPois:     It protects you from poison.
Missiles
 e - 218 arrows
 g - 44 sling bullets
 h - 2 poisoned darts
 i - 205 stones (quivered)
 m - 52 bolts
 n - a silver boomerang
 t - 3 boomerangs
 w - 9 curare-tipped darts
 x - a throwing net
Armour
 c - a +0 buckler (worn)
 f - a +0 pair of boots (worn)
 l - a +1 cloak (worn)
 q - a +1 chain mail of willpower
 z - the +0 steam dragon scales "Ottuts" (worn) {Rampage Str+8 Int+3 Stlth-}
   (You bought it in a shop on level 6 of the Dungeon)

   Str:       It affects your strength (+8).
   Int:       It affects your intelligence (+3).
   Rampage:   It bestows one free step when moving towards enemies.
   Stlth:     It makes you less stealthy.
Jewellery
 j - a ring of flight (left hand)
Wands
 s - a wand of iceblast (1)
 v - a wand of flame (29)
Scrolls
 p - 10 scrolls of identify
 u - 2 scrolls of immolation
 y - a scroll of fear
 A - a scroll of teleportation
 B - a scroll of enchant armour
Potions
 b - 2 potions of ambrosia
 d - a potion of might
 o - 10 potions of curing
 r - a potion of brilliance
 E - 2 potions of heal wounds


   Skills:
 + Level 8.7 Fighting
 + Level 5.5 Short Blades
 + Level 5.5 Long Blades
 + Level 7.3 Axes
 + Level 5.5 Maces & Flails
 + Level 5.5 Polearms
 + Level 5.5 Staves
 + Level 5.5 Slings
 + Level 5.5 Bows
 + Level 5.5 Crossbows
 + Level 5.5 Throwing
 + Level 8.7 Armour
 + Level 5.5 Dodging
 + Level 5.5 Stealth
 + Level 8.7 Shields
 + Level 5.5 Unarmed Combat
 + Level 5.5 Spellcasting
 + Level 4.6 Conjurations
 + Level 4.6 Hexes
 + Level 4.6 Summonings
 + Level 4.6 Necromancy
 + Level 4.6 Translocations
 + Level 4.6 Transmutations
 + Level 4.6 Fire Magic
 + Level 4.6 Ice Magic
 + Level 4.6 Air Magic
 + Level 4.6 Earth Magic
 + Level 4.6 Poison Magic
 + Level 6.1 Invocations
 + Level 5.5 Evocations


You had 20 spell levels left.
You didn't know any spells.
Your spell library contained the following spells:

 Spells                   Type           Power      Damage    Failure   Level
 Foxfire                  Conj/Fire      52%        2x1d6     3%          1
 Magic Dart               Conj           52%        1d5       3%          1
 Slow                     Hex            52%        N/A       3%          1
 Call Imp                 Summ           13%        N/A       5%          2
 Confusing Touch          Hex            13%        N/A       11%         3
 Conjure Flame            Conj/Fire      13%        6-21      11%         3
 Inner Flame              Hex/Fire       13%        N/A       11%         3
 Mephitic Cloud           Conj/Pois/Air  13%        N/A       11%         3
 Vampiric Draining        Necr           13%        2d6       11%         3
 Flame Wave               Conj/Fire      13%        2d6       36%         4
 Hailstorm                Conj/Ice       13%        3d5       36%         4
 Ice Form                 Ice/Tmut       13%        N/A       36%         4
 Simulacrum               Ice/Necr       6%         N/A       99%         6


Dungeon Overview and Level Annotations

Branches:
Dungeon (9/15)             Temple (1/1) D:5         Ossuary (visited)
   Lair: D:8-11         Orc: D:9-12

Altars:
Ashenzari
Cheibriados
Dithmenos
Elyvilon
Fedhas
Gozag
Hepliaklqana
Kikubaaqudgha
Makhleb
Nemelex Xobeh
Okawaru
Qazlal
Ru
Sif Muna
Trog
Uskayaw
Vehumet
Wu Jian
Xom
Yredelemnul
Zin
The Shining One

Shops:
D:4 [   D:6 [


Innate Abilities, Weirdness & Mutations

You have very sharp teeth.
Your uncanny sense of smell can sniff out nearby items.
Your experience applies equally to all skills.
You have a pair of small horns on your head.
You are partially covered in iridescent scales. (AC +2)
Your body sometimes deteriorates upon taking damage.
Your system is resistant to poisons. (rPois)


Message History

You closely miss something. You headbutt something! You bite something.
Something hits you but does no damage. Something bites you!
Your body deteriorates!
You feel weakened.
Something draws strength from your injuries!
You hit something. Your headbutt misses something.
Something draws life force from you!
You hit something. You hit something but do no damage.
Something hits you but does no damage. Something bites you!
Something draws strength from your injuries!
The kobold hits you but does no damage.
You completely miss something. Your headbutt misses something.
Something hits you but does no damage. You block something's attack.
An orc wizard comes into view. It is wielding a +0 dagger.
The kobold barely misses you.
The orc wizard shouts!
You hit something. Your bite misses something.
You hear a shout!
Something hits you. Something bites you.
Something draws strength from your injuries!
The kobold misses you.
You whack something! You headbutt something.
A centaur comes into view.
Something draws life force from you!
* * * LOW HITPOINT WARNING * * *
The orc hits you but does no damage. The kobold barely misses you.
You miss something. Your bite misses something. Something hits you.
* * * LOW HITPOINT WARNING * * *
Something bites you.
* * * LOW HITPOINT WARNING * * *
Something draws strength from your injuries!
The orc hits you but does no damage.
You whack something! You headbutt something. The kobold barely misses you.
Something hits you.
* * * LOW HITPOINT WARNING * * *
Something bites you but does no damage. The orc hits you with a +0 flail.
* * * LOW HITPOINT WARNING * * *
You miss something. The kobold misses you. Something draws life force from you!
You die...
Your body crumbles into a pile of gold.

..# #.# #.# #.# #.# #.#
#c# #.# #.###### #.#
#.o....# #.# #oK....###
#.#######.@{.....#
#######..............###
.....................#
######..........######
#..........#
#.####.....# #.# #.....#
#.# #.....# #.# #.....#


You could see a centaur, an orc wizard, an orc and a kobold.

Vanquished Creatures
  A two-headed ogre (D:6)
  Pikel (D:6)
  Maggie (D:8)
  Grinder (D:6)
  Sigmund (D:2)
  3 vampire mosquitoes (D:9)
  Edmund (D:6)
  3 water moccasins
  2 black bears
  An ice beast (D:6)
  A sky beast (D:7)
  A hornet zombie (D:5)
  3 necrophages
  4 ogres
  2 lemures (D:6)
  2 centaurs
  3 bullfrogs
  A gnoll sergeant (D:6)
  3 scorpions
  6 water moccasin zombies (Ossuary)
  8 killer bees (D:8)
  A howler monkey (D:7)
  2 centaur zombies
  A jelly (D:6)
  3 orc priests
  Crazy Yiuf (D:7)
  A hound (D:5)
  A bullfrog skeleton (D:6)
  An iguana (D:6)
  6 orc wizards
  A killer bee zombie (D:7)
  A hound skeleton (D:4)
  3 mummies
  7 adders
  8 gnolls (D:6)
  3 white imps
  3 ufetubi
  2 adder zombies (Ossuary)
  2 worms
  The ghost of Miritol the Sneak, a weakling OpDe (D:4)
  A dart slug (D:2)
  22 orcs
  5 bats
  2 endoplasms
  3 giant cockroaches
  A gnoll zombie (Ossuary)
  6 goblins
  12 hobgoblins
  4 jackals (D:1)
  7 kobolds
  3 quokkas
  A ball python (D:2)
  3 frilled lizards
  A goblin zombie (D:8)
  4 hobgoblin zombies (Ossuary)
  4 kobold zombies (Ossuary)
  8 orc zombies
  3 rats (D:1)
187 creatures vanquished.

Notes
Turn   | Place    | Note
-------+----------+-------------------------------------------
     0 | D:1      | DungeonDestroyer the Gnoll Fighter began the quest for the
                  | Orb.
     0 | D:1      | Reached XP level 1. HP: 23/23 MP: 1/1
   204 | D:1      | Reached XP level 2. HP: 28/29 MP: 2/2
   497 | D:1      | Reached XP level 3. HP: 34/35 MP: 3/3
   862 | D:2      | Gained mutation: Your body sometimes deteriorates upon
                  | taking damage. [potion of mutation]
   862 | D:2      | Gained mutation: Your system is resistant to poisons.
                  | (rPois) [potion of mutation]
   862 | D:2      | Gained mutation: You have a pair of small horns on your
                  | head. [potion of mutation]
   862 | D:2      | Gained mutation: You are partially covered in iridescent
                  | scales. (AC +2) [potion of mutation]
   862 | D:2      | Noticed Sigmund
   878 | D:2      | Killed Sigmund
   879 | D:2      | Reached skill level 1 in Short Blades
   879 | D:2      | Reached skill level 1 in Long Blades
   879 | D:2      | Reached skill level 1 in Maces & Flails
   879 | D:2      | Reached skill level 1 in Polearms
   879 | D:2      | Reached skill level 1 in Staves
   879 | D:2      | Reached skill level 1 in Slings
   879 | D:2      | Reached skill level 1 in Bows
   879 | D:2      | Reached skill level 1 in Crossbows
   879 | D:2      | Reached skill level 1 in Throwing
   879 | D:2      | Reached skill level 1 in Dodging
   879 | D:2      | Reached skill level 1 in Stealth
   879 | D:2      | Reached skill level 1 in Unarmed Combat
   879 | D:2      | Reached skill level 1 in Spellcasting
   879 | D:2      | Reached skill level 1 in Conjurations
   879 | D:2      | Reached skill level 1 in Hexes
   879 | D:2      | Reached skill level 1 in Summonings
   879 | D:2      | Reached skill level 1 in Necromancy
   879 | D:2      | Reached skill level 1 in Translocations
   879 | D:2      | Reached skill level 1 in Transmutations
   879 | D:2      | Reached skill level 1 in Fire Magic
   879 | D:2      | Reached skill level 1 in Ice Magic
   879 | D:2      | Reached skill level 1 in Air Magic
   879 | D:2      | Reached skill level 1 in Earth Magic
   879 | D:2      | Reached skill level 1 in Poison Magic
   879 | D:2      | Reached skill level 1 in Invocations
   879 | D:2      | Reached skill level 1 in Evocations
   879 | D:2      | Reached XP level 4. HP: 14/41 MP: 3/6
   879 | D:2      | Reached XP level 5. HP: 16/47 MP: 3/7
  1171 | D:2      | Found a faded altar of an unknown god.
  1491 | D:2      | Reached XP level 6. HP: 53/53 MP: 8/8
  1998 | D:2      | Prayed at the altar of an unknown god.
  1998 | D:2      | Became a worshipper of Gozag Ym Sagoz the Greedy
  2068 | D:3      | Reached skill level 5 in Axes
  2669 | D:3      | You are sucked into a shaft and drop 2 floors!
  2669 | D:5      | Entered Level 5 of the Dungeon
  2669 | D:5      | Noticed a necrophage
  2713 | D:5      | Found a staircase to the Ecumenical Temple.
  2718 | Temple   | Entered the Ecumenical Temple
  2733 | Temple   | Killed a necrophage
  2734 | Temple   | Reached XP level 7. HP: 20/59 MP: 8/10
  3627 | D:5      | Found a sacrificial altar of Ru.
  3780 | D:4      | Found Duvabain's Antique Armour Shoppe.
  3789 | D:4      | Bought a shiny chain mail for 150 gold pieces
  4415 | D:4      | Found a large runed translucent door.
  4416 | D:4      | Found a large runed translucent door.
  4420 | D:4      | Noticed Miritol's ghost (weakling OpDe)
  4550 | D:4      | Reached XP level 8. HP: 67/67 MP: 12/12
  4629 | D:4      | Killed Miritol's ghost
  4636 | D:4      | Identified the +8 long sword "Toazxubb" {protect, rC+ rCorr
                  | Dex-5}
  6039 | D:6      | Found Wary's Armour Boutique.
  6221 | D:6      | Noticed Pikel
  6240 | D:6      | Killed Pikel
  6241 | D:6      | Reached XP level 9. HP: 21/74 MP: 13/15
  6678 | D:6      | Noticed Edmund
  6692 | D:6      | Killed Edmund
  7287 | D:6      | Noticed Grinder
  7305 | D:6      | Paralysed by Grinder for 6 turns
  7318 | D:6      | Killed Grinder
  7467 | D:6      | Reached skill level 5 in Invocations
  7668 | D:6      | Noticed a two-headed ogre
  7824 | D:6      | HP: 1/74 [two-headed ogre (18)]
  7849 | D:6      | Killed a two-headed ogre
  7850 | D:6      | Reached XP level 10. HP: 7/80 MP: 15/17
  8527 | D:7      | Reached skill level 5 in Short Blades
  8527 | D:7      | Reached skill level 5 in Long Blades
  8527 | D:7      | Reached skill level 5 in Maces & Flails
  8527 | D:7      | Reached skill level 5 in Polearms
  8527 | D:7      | Reached skill level 5 in Staves
  8527 | D:7      | Reached skill level 5 in Slings
  8527 | D:7      | Reached skill level 5 in Bows
  8527 | D:7      | Reached skill level 5 in Crossbows
  8527 | D:7      | Reached skill level 5 in Throwing
  8527 | D:7      | Reached skill level 5 in Dodging
  8527 | D:7      | Reached skill level 5 in Stealth
  8527 | D:7      | Reached skill level 5 in Unarmed Combat
  8527 | D:7      | Reached skill level 5 in Spellcasting
  8527 | D:7      | Reached skill level 5 in Evocations
  8958 | D:7      | Found a runed translucent door.
  8959 | D:7      | Noticed Crazy Yiuf
  8961 | D:7      | Found the +8 whip "Snakebite" {venom, curare, rPois}
  8967 | D:7      | Killed Crazy Yiuf
  9555 | D:8      | Found a sand-covered staircase.
  9567 | Ossuary  | Entered an ossuary
  9997 | D:6      | Bought the +0 steam dragon scales "Ottuts" {Rampage Str+8
                  | Int+3 Stlth-} for 755 gold pieces
 10091 | D:8      | Noticed Maggie
 10105 | D:8      | Killed Maggie
 10810 | D:9      | Killed from afar by a vampire

Illustrated notes

Levels and vault maps discovered:
D:1:      sevenhm_arrival_forest_fort_small_4, layout_basic
D:2:      layout_basic, hellmonk_ecumenical_altar_lost_god,
          wander_ebering_terrifying_dragon_lair, uniq_sigmund
D:3:      layout_loops_ring, chequers_serial_rivers_room_b
D:4:      layout_loops_ring, ebering_ghost_disaster_area,
          minmay_shop_grid_forest
D:5:      layout_gridville, mainiacjoe_overflow_24_doors,
          minmay_temple_entry_sparse_star
D:6:      kennysheep_six_static_rooms, layout_cave_pods, serial_shops, shop,
          uniq_pikel, uniq_grinder, uniq_edmund
D:7:      layout_gridville, uniq_crazy_yiuf_cottage
D:8:      layout_gridville, nicolae_ossuary_entry_giza, uniq_maggie
D:9:      layout_irregular_city
Temple:   compressed_dpeg_triangle_lava_temple

Skill      XL: |  1  2  3  4  5  6  7  8  9 10 |
---------------+-------------------------------+-----
Short Blades   | 1 2 4 5 |  5.5
Long Blades    | 1 2 4 5 |  5.5
Maces & Flails | 1 2 4 5 |  5.5
Polearms       | 1 2 4 5 |  5.5
Staves         | 1 2 4 5 |  5.5
Slings         | 1 2 4 5 |  5.5
Bows           | 1 2 4 5 |  5.5
Crossbows      | 1 2 4 5 |  5.5
Throwing       | 1 2 4 5 |  5.5
Dodging        | 1 2 4 5 |  5.5
Stealth        | 1 2 4 5 |  5.5
Unarmed Combat | 1 2 4 5 |  5.5
Spellcasting   | 1 2 4 5 |  5.5
Conjurations   | 1 2 3 4 |  4.6
Hexes          | 1 2 3 4 |  4.6
Summonings     | 1 2 3 4 |  4.6
Necromancy     | 1 2 3 4 |  4.6
Translocations | 1 2 3 4 |  4.6
Transmutations | 1 2 3 4 |  4.6
Fire Magic     | 1 2 3 4 |  4.6
Ice Magic      | 1 2 3 4 |  4.6
Air Magic      | 1 2 3 4 |  4.6
Earth Magic    | 1 2 3 4 |  4.6
Poison Magic   | 1 2 3 4 |  4.6
Invocations    | 1 2 3 4 5 6 |  6.1
Evocations     | 1 2 4 5 |  5.5
Axes           | 5 6 7 |  7.3
Fighting       | 7 8 |  8.7
Armour         | 7 8 |  8.7
Shields        | 7 8 |  8.7

Action                   |  1- 3 |  4- 6 |  7- 9 | 10-12 || total
-------------------------+-------+-------+-------+-------++-------
Melee: War axe           |    67 |    78 |   289 |    83 ||   517
       Bite              |     1 |     7 |    37 |    25 ||    70
       Headbutt          |     1 |    16 |    63 |    52 ||   132
       Whip              |       |       |       |   173 ||   173
Evoke: Wand              |       |       |     4 |       ||     4
  Use: Potion            |     3 |     1 |     6 |     2 ||    12
       Scroll            |     2 |     1 |     5 |     3 ||    11
 Stab: Distracted        |       |       |       |     1 ||     1
       Sleeping          |       |       |       |     1 ||     1
Armor: Scale mail        |    40 |    54 |    33 |       ||   127
       Chain mail        |       |       |   143 |   108 ||   251
       Skin              |       |       |    13 |       ||    13
       Steam dragon scal |       |       |       |    23 ||    23
Dodge: Dodged            |    32 |    33 |   122 |   126 ||   313
Block: Buckler           |    21 |    25 |   101 |    51 ||   198
